 Dungeon Crawl Stone Soup version 0.31-a0-37-g98a128e1d9 (webtiles) character file.

Game seed: 15785842750806983141

539 pk666 the Magician (level 7, -5/36 HPs)
             Began as a Deep Elf Hedge Wizard on May 15, 2023.
             Slain by a gnoll
             ... wielding a +0 halberd
             ... led by a gnoll sergeant
              (15 damage)
             ... on level 5 of the Dungeon.
             The game lasted 00:10:42 (5126 turns).

pk666 the Magician (Deep Elf Hedge Wizard)          Turns: 5126, Time: 00:10:43

Health: -5/36      AC:  2    Str:  7    XL:     7   Next: 5%
Magic:  11/18      EV: 12    Int: 21    God:
Gold:   333        SH:  0    Dex: 14    Spells: 13/19 levels left

rFire   + . .        t - +3 dagger (speed)
rCold   + . .        (no shield)
rNeg    . . .        b - +0 robe
rPois   .            c - +0 hat
rElec   .            f - scarf {rC+ rF+}
rCorr   .            (no gloves)
SInv    .            (no boots)
Will    .....        q - amulet of regeneration
Stlth   ++           (no ring)
HPRegen 1.06/turn    (no ring)
MPRegen 0.16/turn

%: no passive effects
@: lethally poisoned (-5 -> -21)
A: no striking features
a: no special abilities


You were on level 5 of the Dungeon.
You visited 2 branches of the dungeon, and saw 6 of its levels.

You collected 333 gold pieces.

Inventory:

Hand Weapons
 t - a +3 dagger of speed (weapon)
Armour
 b - a +0 robe (worn)
 c - a +0 hat (worn)
 f - a scarf of resistance (worn)
 p - an orb of energy
Jewellery
 q - an amulet of regeneration (around neck)
Scrolls
 a - a scroll of noise {unknown}
 g - 4 scrolls of teleportation {unknown}
 h - a scroll of identify {unknown}
 j - a scroll of fog {unknown}
 l - a scroll of vulnerability {unknown}
 o - a scroll of magic mapping {unknown}
 r - 3 scrolls of amnesia {unknown}
Potions
 d - a potion of magic
 e - 2 potions of lignification {unknown}
 i - 4 potions of haste {unknown}
 k - 2 potions of mutation {unknown}
 m - a potion of brilliance {unknown}
 n - 2 potions of invisibility {unknown}
 s - 2 potions of might {unknown}
 u - a potion of cancellation {unknown}


   Skills:
 - Level 2.4 Dodging
 - Level 2.4 Stealth
 + Level 6.5 Spellcasting
 * Level 5.0 Conjurations
 - Level 1.1 Summonings
 - Level 2.4 Translocations
 + Level 2.4 Air Magic
 - Level 3.0 Poison Magic


You had 13 spell levels left.
You knew the following spells:

 Your Spells              Type           Power      Damage    Failure   Level
a - Magic Dart            Conj           100%       1d8       1%          1
b - Blink                 Tloc           34%        N/A       4%          2
c - Mephitic Cloud        Conj/Pois/Air  21%        N/A       7%          3

Your spell library contained the following spells:

 Spells                   Type           Power      Damage    Failure   Level
 Cigotuvi's Dreadful Rot  Necr/Pois/Air  28%        N/A       7%          2
 Call Imp                 Summ           22%        N/A       9%          2
 Freeze                   Ice            24%        1d4       10%         1
 Slow                     Hex            24%        N/A       10%         1
 Hailstorm                Conj/Ice       17%        3d6       10%         3
 Frozen Ramparts          Ice            12%        1d2       28%         3
 Petrify                  Tmut/Erth      6%         N/A       67%         4
 Metabolic Englaciation   Hex/Ice        3%         N/A       95%         5
 Statue Form              Tmut/Erth      4%         N/A       100%        6


Dungeon Overview and Level Annotations

Branches:
Dungeon (5/15)             Temple (1/1) D:4

Altars:
Dithmenos
Fedhas
Makhleb
Nemelex Xobeh
Okawaru
Qazlal
Sif Muna
Trog
Uskayaw
Wu Jian
Xom
Yredelemnul
Zin

Annotations:
D:2 1 runed translucent door, Crazy Yiuf


Message History

The stinking cloud engulfs the gnoll sergeant but does no damage.
You hear a shout!
The gnoll sergeant is engulfed in noxious fumes.
The gnoll sergeant appears confused.
Casting: Mephitic Cloud (dangerous; 7% risk of failure)
Confirm with . or Enter, or press ? or * to list all spells.
Aiming: Magic Dart (safe; 1% risk of failure)
Press: ? - help, Shift-Dir - straight line, f/p - gnoll sergeant
Aim: a gnoll sergeant, wielding a +4 spear of venom and wearing a +0 scale mail (noxious fumes, confused, 100% to hit)
The magic dart hits the gnoll sergeant but does no damage.
The gnoll sergeant is engulfed in noxious fumes.
The gnoll sergeant appears confused.
Casting: Magic Dart (safe; 1% risk of failure)
Confirm with . or Enter, or press ? or * to list all spells.
Aiming: Magic Dart (safe; 1% risk of failure)
Press: ? - help, Shift-Dir - straight line, f/p - gnoll sergeant
Aim: a gnoll sergeant, wielding a +4 spear of venom and wearing a +0 scale mail (confused, 100% to hit)
The magic dart hits the gnoll sergeant but does no damage.
Casting: Magic Dart (safe; 1% risk of failure)
Confirm with . or Enter, or press ? or * to list all spells.
Aiming: Magic Dart (safe; 1% risk of failure)
Press: ? - help, Shift-Dir - straight line, f/p - gnoll sergeant
Aim: a gnoll sergeant, wielding a +4 spear of venom and wearing a +0 scale mail (noxious fumes, confused, 100% to hit)
The magic dart hits the gnoll sergeant but does no damage.
The gnoll sergeant is engulfed in noxious fumes.
The gnoll sergeant appears confused.
A gnoll comes into view. It is wielding a +0 spear.
Casting: Magic Dart (safe; 1% risk of failure)
Confirm with . or Enter, or press ? or * to list all spells.
Aiming: Magic Dart (safe; 1% risk of failure)
Press: ? - help, Shift-Dir - straight line, f/p - gnoll sergeant
Aim: a gnoll sergeant, wielding a +4 spear of venom and wearing a +0 scale mail (confused, 100% to hit)
The magic dart hits the gnoll sergeant but does no damage.
The gnoll sergeant hits you with a +4 spear of venom!!
Ouch! That really hurt!
You are lethally poisoned!
* * * LOW HITPOINT WARNING * * *
You feel extremely sick. The gnoll sergeant closely misses you.
The gnoll hits you from afar with a +0 halberd!
You die...

##...... .. ...
...... #. ... #....
#. .. #..# #.#
..... #.##
..##.##.. #..#
##... ...# ##.#
#...#. #.#### #.##
#@#. #....####...
#g#. #...........
#g#. ##.........##
#.°.##.......##.##
##.g.........###...
#.....##....###..##
.#.........###..#
##...###...##...#
................#g#


You could see a gnoll sergeant (confused) and 2 gnolls.

Vanquished Creatures
  A black bear (D:5)
  A centaur (D:3)
  A scorpion (D:4)
  A crimson imp (D:3)
  2 hounds (D:4)
  An iguana (D:4)
  A gnoll (D:5)
  7 adders
  A shadow imp (D:5)
  A white imp (D:5)
  An ufetubus (D:5)
  3 worms (D:2)
  A dart slug (D:2)
  8 orcs
  8 ball pythons
  8 endoplasms
  2 giant cockroaches
  3 goblins
  5 hobgoblins
  4 jackals (D:4)
  5 quokkas
  7 bats
  6 frilled lizards
  10 kobolds
  4 rats
92 creatures vanquished.

Notes
Turn   | Place    | Note
-------+----------+-------------------------------------------
     0 | D:1      | pk666 the Deep Elf Hedge Wizard began the quest for the
                  | Orb.
     0 | D:1      | Reached XP level 1. HP: 10/10 MP: 7/7
   300 | D:1      | Reached XP level 2. HP: 13/15 MP: 0/9
   731 | D:1      | Found a faded altar of an unknown god.
  1200 | D:1      | Reached skill level 5 in Spellcasting
  1414 | D:2      | Reached XP level 3. HP: 19/19 MP: 9/11
  1609 | D:2      | Identified the +5 mace of Evisceration {speed, Fragile
                  | rPois rF+++ Will- Stlth+}
  2187 | D:2      | Found a runed translucent door.
  2188 | D:2      | Noticed Crazy Yiuf
  2349 | D:2      | Found a stormy altar of Qazlal.
  2451 | D:2      | Identified the +4 sling "Igiviuh" {flame, rC- Int+8 Dex-3
                  | Stlth+}
  2658 | D:3      | Reached XP level 4. HP: 24/24 MP: 9/13
  2667 | D:3      | Learned a level 2 spell: Blink
  2744 | D:3      | Learned a level 3 spell: Mephitic Cloud
  2801 | D:3      | Found an ornate altar of the Wu Jian Council.
  2954 | D:3      | Noticed a centaur
  3118 | D:3      | Killed a centaur
  3119 | D:3      | Reached skill level 1 in Poison Magic
  3119 | D:3      | Reached XP level 5. HP: 12/28 MP: 1/15
  3295 | D:3      | Found a burning altar of Makhleb.
  3301 | D:3      | Reached skill level 1 in Air Magic
  3301 | D:3      | Found a shimmering altar of Xom.
  3743 | D:4      | Reached XP level 6. HP: 32/32 MP: 6/16
  3901 | D:4      | Reached skill level 6 in Spellcasting
  4223 | D:4      | Found a staircase to the Ecumenical Temple.
  4233 | Temple   | Entered the Ecumenical Temple
  4770 | D:5      | Entered Level 5 of the Dungeon
  4889 | D:5      | Reached XP level 7. HP: 35/36 MP: 9/18
  5098 | D:5      | Reached skill level 5 in Conjurations
  5126 | D:5      | Slain by a gnoll

Illustrated notes

Levels and vault maps discovered:
D:1:      elethiomel_arrival_infinity_welcomes_careful_drivers,
          layout_loops_ring, ebering_ecumenical_altar_hall
D:2:      layout_loops_cross, basic_altar, uniq_crazy_yiuf_cottage
D:3:      layout_rooms, grunt_temple_overflow_champion_of_chaos,
          mainiacjoe_overflow_24_doors, st_stairs_4,
          chequers_serial_rivers_micro_e
D:4:      layout_cave_pools, minmay_temple_entry_glass
D:5:      layout_rooms, kennysheep_mini_moat, lemuel_doored_altar
Temple:   dpeg_three_leaves_temple

Skill      XL: |  1  2  3  4  5  6  7 |
---------------+----------------------+-----
Conjurations   | 2 3 4 5 |  5.0
Spellcasting   | 5 6 |  6.5
Translocations | 2 |  2.4
Poison Magic   | 1 2 3 |  3.0
Air Magic      | 1 2 |  2.4
Dodging        | |  2.4
Stealth        | |  2.4
Summonings     | |  1.1

Action                     |  1- 3 |  4- 6 |  7- 9 || total
---------------------------+-------+-------+-------++-------
  Melee: Dagger            |       |     2 |       ||     2
   Cast: Magic Dart        |   141 |   137 |    18 ||   296
         Mephitic Cloud    |       |     8 |     3 ||    11
 Armour: Robe              |     1 |     2 |       ||     3
  Dodge: Dodged            |     9 |    28 |     3 ||    40

Table legend: (Time is in decaauts)
 A = Elapsed time spent in this place.
 B = Non-inter-level travel time spent in this place.
 C = Inter-level travel time spent in this place.
 D = Time resting spent in this place.
 E = Time spent auto-exploring this place.
 F = Levels seen in this place.
 G = Mean time per level.
                   A        B        C        D        E       F      G
               +--------+--------+--------+--------+--------+-----+--------+
         Total |   5128 |   4954 |    174 |   1355 |   2884 |   6 |  854.7 |
       Dungeon |   5047 |   4887 |    160 |   1355 |   2826 |   5 | 1009.4 |
        Temple |     80 |     66 |     14 |      0 |     58 |   1 |   80.0 |
               +--------+--------+--------+--------+--------+-----+--------+

Top non-repeatable levels by time:
     D:1: 1466 daAuts
     D:4: 1226 daAuts
     D:2: 1141 daAuts
     D:3: 951 daAuts
     D:5: 261 daAuts
  Temple: 80 daAuts
